 Dungeon Crawl Stone Soup version 0.30-a0-860-g512cf1e979 (webtiles) character file.

Game seed: 17658363780746392886

19471 Ijustatesigmund the Eclecticist (level 12, -2/66 HPs)
             Began as a Deep Elf Conjurer on Mar 8, 2023.
             Was an Elder of Vehumet.
             Shot with an arrow by a centaur warrior (6 damage)
             ... on level 13 of the Dungeon.
             The game lasted 00:54:23 (18483 turns).

Ijustatesigmund the Eclecticist (DECj)             Turns: 18483, Time: 00:54:24

Health: -2/66      AC: 15    Str:  4    XL:     12   Next: 36%
Magic:  12/33      EV: 24    Int: 33    God:    Vehumet [****..]
Gold:   161        SH:  5    Dex: 13    Spells: 21/42 levels left

rFire   . . .      SeeInvis .    c - +7 longbow "Gethis" {drain, Int+4}
rCold   . . .      Faith    .    (shield currently unavailable)
rNeg    . . .      Spirit   .    a - +0 steam dragon scales
rPois   .          Reflect  +    P - +0 helmet
rElec   .          Rampage  .    (no cloak)
rCorr   .                        t - +2 pair of gloves
Will    +....                    o - +2 pair of slick slippers {slick, slippery, EV+5}
Stlth   ++                       w - amulet of reflection
HPRegen 0.31/turn                J - +4 ring of protection
MPRegen 0.23/turn                C - +5 ring of evasion

@: no status effects
A: no striking features
a: Renounce Religion


You were on level 13 of the Dungeon.
You worshipped Vehumet.
Vehumet was greatly pleased with you.
You visited 1 branch of the dungeon, and saw 13 of its levels.
You also visited: Ossuary.

You collected 939 gold pieces.
You spent 778 gold pieces at shops.

Inventory:

Hand Weapons
 c - the +7 longbow "Gethis" (weapon) {drain, Int+4}
   (You acquired it on level 7 of the Dungeon)

   Int:       It affects your intelligence (+4).
 h - the +3 falchion of Luxury {pain, rC+ Int+5 Dex+3}
   (You took it off an orc on level 5 of the Dungeon)

   Int:       It affects your intelligence (+5).
   Dex:       It affects your dexterity (+3).
   rC:        It protects you from cold.
 L - a +4 morningstar
Missiles
 u - a throwing net
Armour
 a - +0 steam dragon scales (worn)
 o - the +2 pair of slick slippers (worn) {slick, slippery, EV+5}
   (You acquired it on level 13 of the Dungeon)

   Slick:     Its wearer cannot be constricted, engulfed, netted or webbed.
   Slippery:  It slips away from damaging melee attacks, pulling the attacker
   onward.
   EV:        It affects your evasion (+5).
 t - a +2 pair of gloves (worn)
 D - a +1 pair of boots
 M - a +0 troll leather armour
 P - a +0 helmet (worn)
Magical Staves
 T - a staff of fire
Jewellery
 f - a ring of resist corrosion
 p - a ring of protection from cold
 w - an amulet of reflection (around neck)
 A - a +6 ring of strength
 C - a +5 ring of evasion (right hand)
 F - a ring of positive energy
 J - a +4 ring of protection (left hand)
 O - a ring of wizardry
 Q - an amulet of regeneration
Wands
 N - a wand of polymorph (2)
 V - a wand of flame (12)
Scrolls
 g - a scroll of fear
 i - 2 scrolls of teleportation
 l - a scroll of fog
 m - 2 scrolls of silence
 n - 2 scrolls of brand weapon
 s - 3 scrolls of vulnerability
 x - 3 scrolls of immolation
 y - 9 scrolls of identify
 E - 2 scrolls of poison
 H - 3 scrolls of amnesia
 I - 2 scrolls of enchant weapon
 S - 2 scrolls of blinking
 U - 2 scrolls of enchant armour
Potions
 b - 3 potions of magic
 d - 4 potions of haste
 e - 4 potions of mutation
 j - 4 potions of brilliance
 k - 2 potions of might
 q - 2 potions of attraction
 r - 2 potions of heal wounds
 v - a potion of cancellation
 z - 5 potions of curing
 B - 2 potions of flight
 G - a potion of resistance
 K - a potion of berserk rage
 R - 2 potions of ambrosia


   Skills:
 - Level 4.2 Fighting
 - Level 7.0 Ranged Weapons
 - Level 1.2 Armour
 - Level 5.9 Dodging
 - Level 2.4 Stealth
 + Level 15.7 Spellcasting
 + Level 10.7 Conjurations
 - Level 3.2 Hexes
 - Level 4.5 Necromancy
 - Level 5.0 Translocations
 + Level 7.2 Fire Magic
 - Level 6.2 Evocations


You had 21 spell levels left.
You knew the following spells:

 Your Spells              Type           Power      Damage    Failure   Level
a - Magic Dart            Conj           100%       1d8       0%          1
b - Searing Ray           Conj           100%       2d8       1%          2
c - Iskenderun's Mystic   Conj/Tloc      67%        2d14      1%          4
d - Inner Flame           Hex/Fire       57%        N/A       1%          3
e - Fireball              Conj/Fire      35%        3d15      1%          5
f - Starburst             Conj/Fire      35%        6d10      1%          6

Your spell library contained the following spells:

 Spells                   Type           Power      Damage    Failure   Level
 Shock                    Conj/Air       100%       1d9       1%          1
 Sting                    Tmut/Pois      100%       1d8       1%          1
 Ensorcelled Hibernation  Hex/Ice        72%        N/A       1%          2
 Poisonous Vapours        Pois/Air       50%        N/A       1%          2
 Scorch                   Fire           100%       2d10      1%          2
 Dazzling Flash           Conj/Hex       100%       N/A       1%          3
 Flame Wave               Conj/Fire      71%        2d16      1%          4
 Fulminant Prism          Conj/Hex       32%        3d15      1%          4
 Lightning Bolt           Conj/Air       28%        1d45      1%          5
 Anguish                  Hex/Necr       25%        N/A       3%          4
 Spider Form              Tmut/Pois      25%        N/A       4%          3
 Swiftness                Air            25%        N/A       4%          3
 Airstrike                Air            12%        2d(2-18)  4%          4
 Olgreb's Toxic Radiance  Pois           25%        N/A       4%          4
 Petrify                  Tmut/Erth      25%        N/A       16%         4
 Summon Lightning Spire   Summ/Air       25%        N/A       16%         4
 Metabolic Englaciation   Hex/Ice        18%        N/A       22%         5
 Statue Form              Tmut/Erth      16%        N/A       94%         6
 Summon Cactus Giant      Summ           12%        N/A       94%         6


Dungeon Overview and Level Annotations

Branches:
Dungeon (13/15)            Temple (0/1) D:5            Lair (0/5) D:10
    Orc (0/2) D:12         Vaults (0/5) D:13        Ossuary (visited)

Altars:
Kikubaaqudgha
Qazlal
Sif Muna
Vehumet
Xom
Yredelemnul
Zin
The Shining One

Shops:
D:5 !   D:7 *   D:10 !   D:11 (

Annotations:
D:3 3 runed translucent doors, confidenceinterval's ghost, amateur KoHs
D:6 1 runed translucent door, NoOffense's ghost, novice TrMo
D:10 2 transporters


Message History

The mystic blast hits the vampire mosquito.
The vampire mosquito is heavily damaged.
The vampire mosquito is knocked back by the mystic blast.
The centaur warrior shoots an arrow.
The arrow hits you but does no damage.
The vampire mosquito completely misses you.
The centaur warrior shoots an arrow.
The arrow closely misses you.
You block the vampire mosquito's attack.
The centaur warrior shoots an arrow.
The arrow hits you! The arrow burns you.
Casting: Iskenderun's Mystic Blast (safe; 1% risk of failure)
Confirm with . or Enter, or press ? or * to list all spells.
You erupt in a blast of force!
The mystic blast hits the vampire mosquito!
The vampire mosquito is severely damaged.
The vampire mosquito closely misses you.
The vampire mosquito misses you. The vampire mosquito barely misses you.
The centaur warrior shoots an arrow.
The arrow barely misses you.
The vampire mosquito completely misses you.
The centaur warrior shoots an arrow.
The arrow hits you! The arrow burns you.
The vampire mosquito bites you but does no damage.
The vampire mosquito barely misses you.
There is an open door here.
You see here a vampire mosquito corpse.
The centaur warrior shoots an arrow.
The arrow misses you.
The vampire mosquito attacks as you move away!
You block the vampire mosquito's attack.
The vampire mosquito barely misses you.
The vampire mosquito attacks as you move away!
The vampire mosquito completely misses you. x2
You shoot an arrow. The arrow hits the vampire mosquito!
You destroy the vampire mosquito!
Vehumet accepts your kill.
You shoot an arrow. The arrow hits the centaur warrior!
You drain the centaur warrior.
The centaur warrior is heavily wounded.
The centaur warrior shoots an arrow.
The arrow hits you! The arrow burns you.
The centaur warrior shoots an arrow.
The arrow hits you!
* * * LOW HITPOINT WARNING * * *
The arrow burns you.
You die...

#
##'########..####.....####...
#.# #...##.......##...# #)#
#.................#
##'#############.#....#######
#........# #....###
###........# ###.##
#.'........### #####.#
##.#........c.##.......
##..#........#.†@........
...##........####........#
.####........# ........# .#
#........# ....... ##
########## #######


You could see a centaur warrior (drained).

Vanquished Creatures
  3 vault guards (D:13)
  A death knight (D:13)
  2 boulder beetles (D:12)
  6 two-headed ogres
  2 skeletal warriors (D:13)
  A deep elf pyromancer (D:13)
  A cyclops (D:12)
  An ugly thing (D:13)
  A manticore (D:11)
  An unseen horror (D:11)
  3 komodo dragons (D:12)
  2 trolls
  Sigmund (D:5)
  A shadow (D:11)
  A wraith (D:9)
  13 yaks
  3 vampires
  A basilisk (D:12)
  5 vampire mosquitoes
  2 steam dragons
  3 water moccasins
  2 orc warriors
  2 ice beasts
  4 centaurs
  A phantom (D:5)
  3 kobold brigands
  2 gnoll sergeants
  2 wyvern zombies (D:8)
  A scorpion (D:6)
  13 wights (D:8)
  12 killer bees
  An electric eel (D:8)
  A lava snake (D:8)
  A centaur zombie (D:8)
  5 hounds
  3 jellies (D:6)
  A quasit (D:5)
  6 orc priests
  4 gnoll boudas
  2 sleepcaps (D:5)
  5 iguanas
  12 orc wizards
  12 mummies (Ossuary)
  2 howler monkey zombies (D:8)
  25 gnolls
  10 adders
  2 shadow imps (D:7)
  2 white imps
  3 ufetubi
  3 worms
  3 dart slugs (D:3)
  42 orcs
  2 bats
  7 endoplasms
  4 giant cockroaches
  10 goblins
  2 hobgoblins (D:2)
  2 quokkas
  8 ball pythons
  7 frilled lizards
  A gnoll skeleton (Ossuary)
  2 goblin skeletons
  A goblin zombie (D:5)
  A hobgoblin zombie (D:5)
  10 kobolds
  2 kobold skeletons (Ossuary)
  2 kobold zombies (D:5)
  6 orc skeletons
  An orc zombie (D:5)
  6 rats
  11 rat skeletons (Ossuary)
326 creatures vanquished.

Vanquished Creatures (others)
  A vampire mosquito (D:13)
  24 plants
  2 withered plants (D:8)
27 creatures vanquished.

Grand Total: 353 creatures vanquished

Notes
Turn   | Place    | Note
-------+----------+-------------------------------------------
     0 | D:1      | Ijustatesigmund the Deep Elf Conjurer began the quest for
                  | the Orb.
     0 | D:1      | Reached XP level 1. HP: 10/10 MP: 6/6
   293 | D:1      | Reached XP level 2. HP: 15/15 MP: 5/8
   296 | D:1      | Learned a level 2 spell: Searing Ray
  1038 | D:2      | Reached skill level 4 in Spellcasting
  1164 | D:2      | Reached skill level 5 in Conjurations
  1164 | D:2      | Reached XP level 3. HP: 19/19 MP: 8/10
  1566 | D:2      | Found a faded altar of an unknown god.
  1958 | D:3      | Found a runed translucent gate.
  1958 | D:3      | Found a runed translucent gate.
  1958 | D:3      | Found a runed translucent gate.
  1983 | D:3      | Noticed confidenceinterval's ghost (amateur KoHs)
  2167 | D:3      | Reached XP level 4. HP: 24/24 MP: 10/12
  2312 | D:3      | Found a radiant altar of Vehumet.
  2320 | D:3      | Learned a level 4 spell: Iskenderun's Mystic Blast
  2328 | D:3      | Became a worshipper of Vehumet
  2341 | D:3      | Found a stormy altar of Qazlal.
  2498 | D:3      | Found a shimmering blue altar of Sif Muna.
  2723 | D:3      | Reached skill level 5 in Spellcasting
  3246 | D:4      | Noticed an ice beast
  3254 | D:4      | Killed an ice beast
  3255 | D:4      | Reached skill level 1 in Fighting
  3255 | D:4      | Reached skill level 1 in Translocations
  3255 | D:4      | Reached XP level 5. HP: 29/29 MP: 2/15
  3486 | D:4      | Found an ancient bone altar of Kikubaaqudgha.
  3960 | D:5      | Entered Level 5 of the Dungeon
  4002 | D:5      | Noticed Sigmund
  4089 | D:4      | Reached XP level 6. HP: 14/35 MP: 10/16
  4207 | D:5      | Reached skill level 6 in Spellcasting
  4642 | D:5      | Reached XP level 7. HP: 30/40 MP: 2/19
  4684 | D:5      | Reached * piety under Vehumet
  4684 | D:5      | Offered knowledge of Kiss of Death by Vehumet.
  4903 | D:5      | Reached skill level 7 in Spellcasting
  5139 | D:5      | Killed Sigmund
  5506 | D:5      | Reached skill level 5 in Dodging
  5506 | D:5      | Reached skill level 5 in Translocations
  5506 | D:5      | Reached XP level 8. HP: 44/44 MP: 15/21
  5643 | D:5      | Found Bidygh's Distillery.
  5697 | D:5      | Reached skill level 8 in Spellcasting
  5771 | D:5      | Identified the +3 falchion of Luxury {pain, rC+ Int+5
                  | Dex+3}
  5843 | D:5      | Found a glowing golden altar of the Shining One.
  5883 | D:5      | Reached skill level 1 in Necromancy
  6371 | D:5      | Found a staircase to the Ecumenical Temple.
  6538 | D:5      | Bought 2 potions of heal wounds for 150 gold pieces
  6538 | D:5      | Bought a potion of curing for 45 gold pieces
  6849 | D:6      | Reached ** piety under Vehumet
  6849 | D:6      | Offered knowledge of Sandblast by Vehumet.
  7099 | D:6      | Noticed a two-headed ogre
  7113 | D:6      | Killed a two-headed ogre
  7114 | D:6      | Reached skill level 9 in Spellcasting
  7360 | D:6      | Reached XP level 9. HP: 48/48 MP: 19/24
  8243 | D:6      | Reached skill level 10 in Spellcasting
  8450 | D:6      | Offered knowledge of Kindle Blastsparks by Vehumet.
  8504 | D:6      | Found a runed translucent door.
  8732 | D:6      | Found a basalt altar of Yredelemnul.
  8733 | D:6      | Found a glowing silver altar of Zin.
  8924 | D:6      | Found a shimmering altar of Xom.
  8924 | D:6      | Noticed NoOffense's ghost (novice TrMo)
  8924 | D:6      | Noticed a +2 rapier of chaos
  9550 | D:7      | Reached *** piety under Vehumet
  9755 | D:7      | Found a sand-covered staircase.
  9764 | Ossuary  | Entered an ossuary
  9846 | Ossuary  | Offered knowledge of Inner Flame by Vehumet.
  9851 | Ossuary  | Learned a level 3 spell: Inner Flame
 10235 | Ossuary  | Reached skill level 1 in Hexes
 10577 | Ossuary  | Reached **** piety under Vehumet
 10663 | D:7      | Reached skill level 1 in Fire Magic
 11061 | D:7      | Found Bontastra's General Store.
 11070 | D:7      | Bought a potion of degeneration for 11 gold pieces
 11122 | D:8      | Reached skill level 11 in Spellcasting
 11241 | D:8      | Reached XP level 10. HP: 43/57 MP: 11/27
 11392 | D:8      | Reached skill level 1 in Evocations
 11400 | D:8      | Offered knowledge of Fireball by Vehumet.
 11804 | D:8      | Noticed a two-headed ogre
 11818 | D:8      | Killed a two-headed ogre
 12105 | D:8      | Reached skill level 12 in Spellcasting
 13343 | D:8      | Learned a level 5 spell: Fireball
 13463 | D:9      | Reached skill level 1 in Ranged Weapons
 13608 | D:9      | Noticed a two-headed ogre
 13611 | D:9      | Killed a two-headed ogre
 14042 | D:9      | Noticed a two-headed ogre
 14046 | D:9      | Killed a two-headed ogre
 14047 | D:9      | Reached skill level 13 in Spellcasting
 14047 | D:9      | Reached XP level 11. HP: 61/61 MP: 10/30
 14399 | D:10     | Entered Level 10 of the Dungeon
 14536 | D:10     | Found a staircase to the Lair.
 14606 | D:10     | You fall into a shaft and drop 2 floors!
 14645 | D:12     | Reached skill level 5 in Ranged Weapons
 14934 | D:12     | Noticed a boulder beetle
 15061 | D:11     | Reached skill level 5 in Fire Magic
 15176 | D:11     | Found Jiukhliet's Weapon Shoppe.
 15419 | D:7      | Bought a scroll of acquirement for 572 gold pieces
 15419 | D:7      | Acquired the +7 longbow "Gethis" {drain, Int+4}
 15584 | D:10     | Found a transporter.
 15671 | D:10     | Found a transporter.
 15704 | D:10     | Reached ***** piety under Vehumet
 16123 | D:10     | Found Biylonu's Distillery.
 16709 | D:11     | Noticed a two-headed ogre
 16731 | D:11     | Killed a two-headed ogre
 16732 | D:11     | Reached skill level 1 in Armour
 17056 | D:12     | Found a staircase to the Orcish Mines.
 17091 | D:12     | Noticed a boulder beetle
 17127 | D:12     | Killed a boulder beetle
 17128 | D:12     | Reached skill level 14 in Spellcasting
 17347 | D:12     | Noticed a two-headed ogre
 17382 | D:12     | HP: 3/61 [boulder beetle (7)]
 17391 | D:12     | Killed a two-headed ogre
 17392 | D:12     | Reached skill level 5 in Evocations
 17393 | D:12     | Killed a boulder beetle
 17541 | D:12     | Offered knowledge of Starburst by Vehumet.
 17549 | D:12     | Learned a level 6 spell: Starburst
 17741 | D:13     | Noticed a death knight
 17750 | D:13     | Killed a death knight
 17751 | D:13     | Reached skill level 15 in Spellcasting
 17751 | D:13     | Reached skill level 10 in Conjurations
 17751 | D:13     | Reached XP level 12. HP: 36/66 MP: 18/33
 18009 | D:13     | Found a gate to the Vaults.
 18009 | D:13     | Noticed a centaur warrior
 18009 | D:13     | Noticed a vault guard
 18009 | D:13     | Noticed a vault guard
 18009 | D:13     | Noticed a vault guard
 18009 | D:13     | Noticed a vault guard
 18009 | D:13     | Noticed a centaur warrior
 18011 | D:13     | Killed a vault guard
 18179 | D:13     | Killed a vault guard
 18225 | D:13     | Killed a vault guard
 18334 | D:13     | Acquired the +2 pair of slick slippers {slick, slippery,
                  | EV+5}
 18334 | D:13     | Found the +2 pair of slick slippers {slick, slippery, EV+5}
 18483 | D:13     | Shot with an arrow by a centaur warrior

Illustrated notes

Levels and vault maps discovered:
D:1:      dpeg_arrival_leaves_temple_mockup, layout_basic
D:2:      layout_loops_cross, serial_aquarium, aquarium_bridge_square
          [aquarium_subvault_window, aquarium_subvault_window,
          aquarium_subvault_window, aquarium_subvault_bridge],
          aquarium_bridge_straight [aquarium_subvault_bridge,
          aquarium_subvault_wall, aquarium_subvault_bridge,
          aquarium_subvault_balcony], aquarium_window_3, aquarium_window_fake,
          aquarium_view_2c, aquarium_balcony_3a,
          shapermc_ecumenical_altar_mp_urbaneastern
D:3:      layout_loops_cross, led_sif_pool, mainiacjoe_overflow_large_starburst,
          gammafunk_ghost_necromancy, grunt_decor_one_mirror
D:4:      layout_basic, mainiacjoe_overflow_alcove_1
D:5:      layout_loops_cross, nicolae_tso_besieged_by_evil,
          minmay_temple_entry_nine_rooms, nicolae_inconvenience_store,
          nicolae_grassy_gnolls, uniq_sigmund
D:6:      layout_layer_cave, mainiacjoe_overflow_divided_tiny,
          ebering_ghost_xom, kennysheep_another_room, kennysheep_generic_room_10
D:7:      layout_basic, enter_bailey_3, enter_ossuary_1, serial_shops,
          nicolae_shop_hallway_plus
D:8:      layout_loops_ring, serial_undead, serial_undead_d, serial_undead_e,
          serial_undead_e, serial_undead_b, minmay_crystal_room,
          nicolae_lava_and_water
D:9:      layout_cave_pods
D:10:     gammafunk_worm_tunnel, layout_layer_cave, lair_entry_dummy,
          serial_shops, shop, chequers_serial_rivers_small_a,
          blue_anna_alchemist
D:11:     layout_basic, serial_shops, nicolae_diamond_shop
D:12:     layout_rooms, orc_0_dummy, minmay_lizard_king
D:13:     layout_roguey, lightli_vaults_fourway_checkpoint, serial_shops,
          nicolae_shop_trees

Skill      XL: |  1  2  3  4  5  6  7  8  9 10 11 12 |
---------------+-------------------------------------+-----
Spellcasting   | 4 5 6 7 9 11 13 15 | 15.7
Conjurations   | 5 7 8 9 10 | 10.7
Fighting       | 1 2 4 |  4.2
Translocations | 1 2 3 5 |  5.0
Dodging        | 3 5 |  5.9
Necromancy     | 4 |  4.5
Hexes          | 2 3 |  3.2
Fire Magic     | 2 4 6 7 |  7.2
Evocations     | 4 6 |  6.2
Ranged Weapons | 4 7 |  7.0
Armour         | 1 |  1.2
Stealth        | |  2.4

Action                     |  1- 3 |  4- 6 |  7- 9 | 10-12 || total
---------------------------+-------+-------+-------+-------++-------
  Melee: Whip              |     3 |     3 |       |       ||     6
         War axe           |       |    10 |     4 |       ||    14
         Falchion          |       |       |    71 |    50 ||   121
   Fire: Shortbow          |       |       |       |    21 ||    21
         Longbow           |       |       |       |    40 ||    40
   Cast: Magic Dart        |    65 |    72 |   216 |    44 ||   397
         Searing Ray       |     2 |    13 |    30 |    15 ||    60
         Iskenderun's Myst |       |     4 |    52 |   114 ||   170
         Fireball          |       |       |       |    35 ||    35
         Starburst         |       |       |       |     8 ||     8
  Evoke: Wand              |       |       |     1 |    11 ||    12
    Use: Scroll            |     1 |    14 |     8 |    14 ||    37
         Potion            |       |       |     2 |     8 ||    10
   Stab: Paralysed         |       |       |     2 |    23 ||    25
         Sleeping          |       |       |     3 |       ||     3
 Armour: Robe              |       |    15 |    17 |       ||    32
         Steam dragon scal |       |       |    13 |    33 ||    46
  Dodge: Dodged            |     2 |    27 |   109 |   134 ||   272
  Block: Other             |       |     4 |    28 |    33 ||    65
         Reflection        |       |       |     1 |     1 ||     2

Table legend: (Time is in decaauts)
 A = Elapsed time spent in this place.
 B = Non-inter-level travel time spent in this place.
 C = Inter-level travel time spent in this place.
 D = Time resting spent in this place.
 E = Time spent auto-exploring this place.
 F = Levels seen in this place.
 G = Mean time per level.
                   A        B        C        D        E       F      G
               +--------+--------+--------+--------+--------+-----+--------+
         Total |  18553 |  17928 |    625 |   5861 |   9833 |  14 | 1325.2 |
       Dungeon |  17679 |  17054 |    625 |   5513 |   9489 |  13 | 1359.9 |
       Ossuary |    873 |    873 |      0 |    348 |    344 |   1 |  873.0 |
               +--------+--------+--------+--------+--------+-----+--------+

Top non-repeatable levels by time:
     D:5: 2700 daAuts
     D:6: 2278 daAuts
     D:8: 1805 daAuts
     D:9: 1542 daAuts
     D:4: 1476 daAuts
    D:10: 1248 daAuts
     D:2: 1167 daAuts
     D:7: 1057 daAuts
    D:12: 996 daAuts
    D:11: 938 daAuts
     D:3: 912 daAuts
 Ossuary: 873 daAuts
     D:1: 784 daAuts
    D:13: 772 daAuts
